 Dungeon Crawl Stone Soup version 0.24.0-5-g267a8d59f4 (webtiles) character file.

Game seed: 9175599464222419124, levelgen mode: deterministic

129 Esekla the Skirmisher (level 5, 0/46 HPs)
             Began as a Ghoul Chaos Knight on Nov 1, 2019.
             Was a Plaything of Xom.
             Slain by a sky beast (6 damage)
             ... on level 3 of the Dungeon.
             The game lasted 00:11:58 (1279 turns).

Esekla the Skirmisher (Ghoul Chaos Knight)          Turns: 1279, Time: 00:11:59

Health: 0/46       AC:  5    Str: 16    XL:     5   Next: 12%
Magic:  4/4        EV: 11    Int:  8    God:    Xom [....*.]
Gold:   68         SH:  0    Dex:  8    Spells: 4/4 levels left

rFire    . . .     SeeInvis .   a - +0 falchion (chaos)
rCold    + . .     Gourm    .   (no shield)
rNeg     + + +     Faith    .   b - +2 leather armour
rPois    ∞         Spirit   .   (no helmet)
rElec    .         Reflect  .   (no cloak)
rCorr    .         Harm     .   (no gloves)
MR       .....                  (no boots)
Stlth    +.........             (no amulet)
HPRegen  0.00/turn              (no ring)
MPRegen  0.09/turn              (no ring)

@: rotting
A: rotting body, claws 1, carnivore, cold resistance 1, negative energy
resistance 3, inhibited regeneration, torment resistance, unbreathing
a: Renounce Religion


You were on level 3 of the Dungeon.
You worshipped Xom.
You were a beloved toy of Xom.
You were not hungry.

You visited 1 branch of the dungeon, and saw 4 of its levels.

You collected 68 gold pieces.

Inventory:

Hand Weapons
 a - a +0 falchion of chaos (weapon)
 g - a +1 short sword of freezing
Missiles
 f - 2 poisoned darts (quivered)
Armour
 b - a +2 leather armour (worn)
 k - a cursed +0 helmet
Scrolls
 e - 4 scrolls of amnesia {unknown}
 j - a scroll of teleportation {unknown}
 l - 2 scrolls of remove curse {unknown}
 m - a scroll of magic mapping {unknown}
 q - a scroll of fear {unknown}
Potions
 d - 2 potions of curing
 h - a potion of berserk rage
 i - a potion of lignification {unknown}
 n - a potion of heal wounds {unknown}
 p - a potion of degeneration {unknown}
Comestibles
 c - 4 rations


   Skills:
 + Level 4.2 Fighting
 + Level 3.9 Long Blades
 + Level 2.6 Armour
 + Level 1.4 Dodging
 + Level 0.1 Stealth


You had 4 spell levels left.
You didn't know any spells.
Your spell library was empty.

Dungeon Overview and Level Annotations

Branches:
Dungeon (4/15)
 Temple: D:4-7

Altars:
Ru
Zin

Annotations:
D:3 3 runed translucent doors, Jehan's ghost, amateur DDEE; TheWoodenMan's ghost, amateur DrTm; iamserjio's ghost, amateur OpIE


Innate Abilities, Weirdness & Mutations

Your body is rotting away.
You thrive on raw meat.
You are immune to poison.
You have sharp fingernails.
You are carnivorous and can eat meat at any time.
Your flesh is cold resistant. (rC+)
You are immune to negative energy. (rN+++)
You do not regenerate when monsters are visible.
You are immune to unholy pain and torment.
You can survive without breathing.


Message History

The orc hits you from afar with a +0 trident.
The orc hits you with a +0 mace. The orc hits you with a +0 hand axe.
The sky beast flickers out of sight!
Deactivating autopickup; reactivate with Ctrl-A.
Something hits you but does no damage.
You barely miss the orc.
The orc priest hits you but does no damage.
The orc hits you from afar with a +0 trident.
* * * LOW HITPOINT WARNING * * *
The orc hits you but does no damage. x2; Something hits you but does no damage.
You barely miss the orc priest.
The orc priest is lightly wounded.
The orc closely misses you.
The orc priest hits you with a +0 flail.
* * * LOW HITPOINT WARNING * * *
Something hits you.
* * * LOW HITPOINT WARNING * * *
Something shocks you.
You die...
Xom bursts into laughter!

#'####.# # ....###. # ._..# ## #
....# # ##### # ??.# #####
...#### #...#
#####.#######################...#
#####.)..#....oo@oo.........)..(#
##..#.####..#.oo#{..#...#...##.(.
##..#.####_....o................#
##..#.#..#..#...#o..#...#...#...#
##..#.#..#...................#..#
##..#.#.######################..#
##..#..#......##.#.....# #..#
##..###.##....##.......#### #..#
....# #.##.......÷......... ...#


You could see 2 orc priests and 6 orcs.

Vanquished Creatures
  A worker ant (D:3)
  4 adders
  An ooze (D:3)
  A worm (D:2)
  2 leopard geckos
  6 giant cockroaches
  8 goblins
  7 hobgoblins
  4 jackals (D:2)
  7 kobolds
  A ball python (D:1)
  7 bats
  2 frilled lizards (D:1)
  8 rats
59 creatures vanquished.

Vanquished Creatures (others)
  2 goblins (D:1)
  A rat (D:1)
  A withered plant (D:3)
4 creatures vanquished.

Grand Total: 63 creatures vanquished

Notes
Turn   | Place    | Note
-------+----------+-------------------------------------------
     0 | D:1      | Esekla the Ghoul Chaos Knight began the quest for the Orb.
     0 | D:1      | Reached XP level 1. HP: 19/19 MP: 0/0
   159 | D:1      | Reached XP level 2. HP: 23/26 MP: 1/1
   184 | D:1      | XOM: harmless Chrm miscast
   360 | D:1      | XOM: divination: detect items
   456 | D:1      | XOM: harmless Ice miscast
   554 | D:2      | Reached XP level 3. HP: 33/33 MP: 2/2
   558 | D:2      | Reached skill level 4 in Fighting
   731 | D:3      | Found a glowing silver altar of Zin.
   820 | D:3      | Reached skill level 1 in Dodging
   839 | D:3      | Reached XP level 4. HP: 37/40 MP: 3/3
   935 | D:3      | XOM: 3-stop teleportation journey
  1002 | D:4      | Noticed a phantom
  1023 | D:3      | XOM: harmless Summ miscast
  1032 | D:3      | Reached XP level 5. HP: 11/46 MP: 4/4
  1123 | D:3      | Found a runed translucent gate.
  1123 | D:3      | Found a runed translucent gate.
  1123 | D:3      | Found a runed translucent gate.
  1125 | D:3      | Noticed Jehan's ghost (amateur DDEE)
  1125 | D:3      | Noticed TheWoodenMan's ghost (amateur DrTm)
  1125 | D:3      | Noticed iamserjio's ghost (amateur OpIE)
  1211 | D:3      | Noticed a sky beast
  1272 | D:3      | Found a sacrificial altar of Ru.
  1279 | D:3      | Slain by a sky beast

Levels and vault maps discovered:
D:1:      dpeg_arrival_shelter, layout_basic, lemuel_flame_loot_1
D:2:      layout_basic, nicolae_dithmenos_shadow_blocks,
          chequers_temple_overflow_statue_of_worship
D:3:      layout_loops_ring, zin_scriptorium, lemuel_coloured_pillars_altar,
          gammafunk_ghost_cemetery
D:4:      layout_cave_pools, lemuel_round_altar, minmay_temple_entry_tees,
          uniq_natasha

Skill      XL: |  1  2  3 |
---------------+----------+-----
Long Blades    | 3 |  3.9
Armour         | 2 |  2.6
Fighting       | 4 |  4.2
Dodging        | 1 |  1.4
Stealth        | |  0.1

Action                   |  1- 3 |  4- 6 || total
-------------------------+-------+-------++-------
Melee: Falchion          |   116 |    63 ||   179
  Use: Potion            |       |     3 ||     3
 Stab: Confused          |     1 |       ||     1
  Eat: Chunk             |     7 |     9 ||    16
Armor: Leather armour    |    43 |    29 ||    72
Dodge: Dodged            |    70 |    56 ||   126
       Rpst.: Falchion   |    22 |    13 ||    35
